 Dungeon Crawl Stone Soup version 0.31-a0-625-gc9c7e45f3f (webtiles) character file.

Game seed: 13751818554944119275

193 Ijustatesigmund the Shield-Bearer (level 5, 0/34 HPs)
             Began as a Gargoyle Fighter on Aug 24, 2023.
             Slain by an orc wizard
             ... wielding a +2 dagger of pain
              (2 damage)
             ... on level 4 of the Dungeon.
             The game lasted 00:03:18 (2671 turns).

Ijustatesigmund the Shield-Bearer (GrFi)            Turns: 2671, Time: 00:03:19

Health: 0/34       AC: 13    Str: 21    XL:     5   Next: 72%
Magic:  5/5        EV:  9    Int:  9    God:
Gold:   140        SH:  4    Dex:  9    Spells: 4/4 levels left

rFire   . . .        a - +0 flail
rCold   . . .        c - +0 buckler
rNeg    + . .        b - +0 scale mail
rPois   ∞            (no helmet)
rElec   +            h - +1 cloak
rCorr   .            (no gloves)
SInv    .            (no boots)
Will    .....        i - amulet of regeneration Stlth
                     e - ring of wizardry
HPRegen 1.05/turn    (no ring)
MPRegen 0.09/turn

%: wizardry (x1)
@: brilliant
A: sickness immunity, AC +4, negative energy resistance 1, electricity
resistance, torment resistance 1, petrification resistance
a: no special abilities


You were on level 4 of the Dungeon.
You visited 1 branch of the dungeon, and saw 4 of its levels.

You collected 140 gold pieces.

Inventory:

Hand Weapons
 a - a +0 flail (weapon)
Armour
 b - a +0 scale mail (worn)
 c - a +0 buckler (worn)
 h - a +1 cloak (worn)
 k - the +0 helmet "Sagyp" {*Slow rN++ Slay+2}
   (You found it on level 3 of the Dungeon)

   Slay+2:    It affects your accuracy & damage with ranged weapons and melee
   (+2).
   rN++:      It greatly protects you from negative energy.
   *Slow:     It may slow you when you take damage.
Jewellery
 e - a ring of wizardry (left hand)
 g - an amulet of magic regeneration
 i - an amulet of regeneration (around neck)
Scrolls
 j - a scroll of enchant weapon
 m - a scroll of identify
Potions
 d - a potion of might


   Skills:
 + Level 4.4 Fighting
 + Level 3.2 Maces & Flails
 + Level 4.4 Armour
 + Level 4.4 Shields


You had 4 spell levels left.
You didn't know any spells.
Your spell library contained the following spells:

 Spells                   Type           Power      Damage    Failure   Level
 Kiss of Death            Conj/Necr      0%         2d5       45%         1
 Confusing Touch          Hex            0%         N/A       80%         3
 Dispel Undead            Necr           0%         3d6       99%         4


Dungeon Overview and Level Annotations

Branches:
Dungeon (4/15)
 Temple: D:4-7

Altars:

Shops:
D:2 (

Annotations:
D:1 2 transporters


Innate Abilities, Weirdness & Mutations

You are immune to sickness and miasma.
Your stone body is resilient. (AC +4)
You are immune to poison.
You resist negative energy. (rN+)
You are resistant to electric shocks. (rElec)
You are resistant to unholy torment.
You are immune to petrification.


Message History

The orc hits you with a +2 falchion of holy wrath.
The orc wizard casts a spell.
The orc wizard flickers and vanishes!
Deactivating autopickup; reactivate with Ctrl-A.
You closely miss the orc. The orc barely misses you.
The orc hits you with a +2 falchion of holy wrath.
Something hits you but does no damage.
You hear some strange, mumbled words.
You are confused.
The orc hits you with a +0 war axe.
The orc hits you with a +2 falchion of holy wrath.
You are too confused!
The orc hits you with a +0 war axe.
You closely miss something. Something hits you but does no damage.
You miss something. The orc barely misses you.
The orc hits you but does no damage. Something hits you.
You barely miss the orc. The orc hits you with a +0 war axe.
The orc hits you with a +2 falchion of holy wrath!
* * * LOW HITPOINT WARNING * * *
Something hits you but does no damage.
It was a potion of cancellation.
Your magical effects are unravelling.
You feel magically purged.
You feel less confused. The orc hits you but does no damage.
The orc barely misses you.
You hear some strange, mumbled words.
Something tries to affect you, but you resist.
It was a potion of brilliance.
You feel clever all of a sudden. The orc hits you with a +0 war axe.
* * * LOW HITPOINT WARNING * * *
The orc hits you but does no damage.
You hear some strange, mumbled words.
A puff of flame appears from out of thin air!
The puff of flame hits you but does no damage.
You closely miss something. The orc barely misses you.
The orc hits you with a +2 falchion of holy wrath.
* * * LOW HITPOINT WARNING * * *
Something hits you.
You die...

............##.####
...................
###########.##.####
#.(#.#########
##............
##....####
####..#####
#......# #@o....#
#{o....# #g.....#
#......# #......#
........# .........
[........
....?...#.


You could see 2 orcs and a hobgoblin.

Vanquished Creatures
  Crazy Yiuf (D:2)
  An orc priest (D:4)
  6 adders
  4 worms
  A dart slug (D:2)
  4 orcs
  6 endoplasms
  2 giant cockroaches (D:1)
  6 hobgoblins
  6 quokkas
  4 ball pythons
  3 bats
  5 frilled lizards
  7 goblins
  5 kobolds
  5 rats (D:1)
66 creatures vanquished.

Notes
Turn   | Place    | Note
-------+----------+-------------------------------------------
     0 | D:1      | Ijustatesigmund the Gargoyle Fighter began the quest for
                  | the Orb.
     0 | D:1      | Reached XP level 1. HP: 14/14 MP: 1/1
   167 | D:1      | Reached XP level 2. HP: 19/19 MP: 2/2
   451 | D:1      | Reached XP level 3. HP: 23/23 MP: 3/3
  1161 | D:2      | Reached XP level 4. HP: 29/29 MP: 4/4
  1297 | D:2      | Found Zoryigyw's Weapon Shop.
  1495 | D:2      | Found a runed translucent door.
  1496 | D:2      | Noticed Crazy Yiuf
  1723 | D:2      | Killed Crazy Yiuf
  1885 | D:3      | Reached XP level 5. HP: 30/33 MP: 5/5
  2388 | D:3      | Identified the +0 helmet "Sagyp" {*Slow rN++ Slay+2}
  2671 | D:4      | Slain by an orc wizard

Illustrated notes

Levels and vault maps discovered:
D:1:      spicycebolla_arrival_transporter_tutorial, layout_loops_ring
D:2:      cheibrodos_helix_gallery, layout_loops_ring, serial_shops,
          nicolae_shop_trees, kennysheep_cluttered_room,
          nicolae_elevator_lobby_asterisk, uniq_crazy_yiuf_cottage
D:3:      layout_loops_ring
D:4:      layout_basic

Skill      XL: |  1  2  3  4 |
---------------+-------------+-----
Armour         | 4 |  4.4
Shields        | 4 |  4.4
Fighting       | 4 |  4.4
Maces & Flails | 3 |  3.2

Action                     |  1- 3 |  4- 6 || total
---------------------------+-------+-------++-------
  Melee: Flail             |   153 |   117 ||   270
    Use: Scroll            |       |     3 ||     3
         Potion            |       |     2 ||     2
 Armour: Scale mail        |   116 |    75 ||   191
  Dodge: Dodged            |   101 |    59 ||   160
  Block: Buckler           |    44 |    32 ||    76

Table legend: (Time is in decaauts)
 A = Elapsed time spent in this place.
 B = Non-inter-level travel time spent in this place.
 C = Inter-level travel time spent in this place.
 D = Time resting spent in this place.
 E = Time spent auto-exploring this place.
 F = Levels seen in this place.
 G = Mean time per level.
                   A        B        C        D        E       F      G
               +--------+--------+--------+--------+--------+-----+--------+
         Total |   2755 |   2665 |     90 |    203 |   1901 |   4 |  688.8 |
       Dungeon |   2755 |   2665 |     90 |    203 |   1901 |   4 |  688.8 |
               +--------+--------+--------+--------+--------+-----+--------+

Top non-repeatable levels by time:
     D:2: 1017 daAuts
     D:1: 884 daAuts
     D:3: 728 daAuts
     D:4: 124 daAuts
